 Dungeon Crawl Stone Soup version 0.19.5 (webtiles) character file.

576 Alannah the Skirmisher (level 7, -1/44 HPs)
             Began as a Gargoyle Berserker on Apr 20, 2017.
             Was a Priest of Trog.
             Slain by an orc
             ... wielding a +2 hand axe of distortion
              (21 damage)
             ... on level 5 of the Dungeon.
             The game lasted 00:21:16 (4157 turns).

Alannah the Skirmisher (Gargoyle Berserker)         Turns: 4157, Time: 00:21:17

Health: -1/44      AC:  9    Str: 22    XL:     7   Next: 35%
Magic:  7/7        EV: 12    Int:  8    God:    Trog [***...]
Gold:   157        SH:  0    Dex:  9    Spells: 0 memorised, 6 levels left

rFire  . . .     SeeInvis .     a - +0 mace
rCold  . . .     Gourm    .     w - +1 leather armour of Boredom {rPois rN+}
rNeg   + + .     Faith    .     (no shield)
rPois  ∞         Spirit   .     (no helmet)
rElec  +         Reflect  .     (no cloak)
rCorr  .         Harm     +     (no gloves)
MR     .....                    (no boots)
Stlth  +.........               e - amulet of harm
                                (no ring)
                                (no ring)

@: no status effects
A: negative energy resistance 1, electricity resistance, unbreathing,
petrification resistance, rot immunity, AC +4
a: Berserk, Trog's Hand, Burn Spellbooks, Renounce Religion


You were on level 5 of the Dungeon.
You worshipped Trog.
Trog was most pleased with you.
You were very hungry.

You visited 1 branch of the dungeon, and saw 5 of its levels.

You collected 157 gold pieces.

Inventory:

Hand Weapons
 a - a +0 mace (weapon)
Missiles
 p - 74 arrows
Armour
 b - a +0 animal skin
 d - a +0 ring mail
 w - the +1 leather armour of Boredom (worn) {rPois rN+}
   (You found it on level 4 of the Dungeon)

   It protects you from poison.
   It protects you from negative energy.
Jewellery
 e - an amulet of harm (around neck)
Scrolls
 f - 5 scrolls of identify
 g - a scroll of fog
 h - 2 scrolls of magic mapping
 k - a scroll of blinking {unknown}
 l - 2 scrolls of remove curse
 m - 4 scrolls of teleportation {unknown}
 n - a scroll of enchant armour {unknown}
 v - a scroll of random uselessness {unknown}
Potions
 i - a potion of flight
 o - a potion of heal wounds
 r - a potion of curing {unknown}
 u - a potion of lignification {unknown}
Comestibles
 c - 4 bread rations
 j - a slice of pizza
 q - a meat ration
 s - 3 beef jerkies


   Skills:
 * Level 5.3 Fighting
 * Level 4.8 Maces & Flails
 * Level 4.8 Armour
 + Level 3.2 Dodging


You had 6 spell levels left.
You didn't know any spells.

Dungeon Overview and Level Annotations

Branches:
Dungeon (5/15)
 Temple: D:4-7

Altars:
Cheibriados
Dithmenos
Fedhas
Hepliaklqana
Qazlal
Zin
The Shining One

Annotations:
D:3 1 runed door


Innate Abilities, Weirdness & Mutations

You are resistant to torment.
Your stone body is resilient. (AC +4)
You are immune to poison.
You resist negative energy. (rN+)
You are resistant to electric shocks. (rElec)
You can survive without breathing.
You are immune to petrification.
You are immune to rotting.


Message History

You hit the orc.
You kill the orc!
Trog accepts your kill.
You hit the orc.
You kill the orc!
Trog accepts your kill.
You hit the orc.
The orc is almost dead.
The orc completely misses you.
You hit the orc but do no damage.
The orc is almost dead.
The orc hits you with a hand axe of distortion.
Space bends around you.
You barely miss the orc.
The orc is almost dead.
The orc closely misses you.
You hit the orc but do no damage.
The orc is almost dead.
The orc hits you but does no damage. Space warps horribly around you!
You die...

#. o. o#
### .....
.#.## ...
#o# #o# #@#
#########.#
...>......#
..........#
###.####..#
#..#
#..#######
##........
#..######


You could see 2 orcs.

Vanquished Creatures
  An ice beast (D:5)
  A hound (D:4)
  A jelly (D:3)
  4 orc wizards
  A bullfrog skeleton (D:4)
  2 orc priests (D:4)
  An iguana (D:3)
  A worker ant (D:4)
  8 adders
  An ooze (D:3)
  An adder skeleton (D:4)
  2 worms
  2 dart slugs
  4 leopard geckos
  15 orcs
  4 ball pythons
  6 giant cockroaches
  7 goblins
  A hobgoblin (D:1)
  3 jackals (D:3)
  2 quokkas
  3 bats
  9 frilled lizards
  6 kobolds
  5 rats
91 creatures vanquished.

Notes
Turn   | Place    | Note
-------+----------+-------------------------------------------
     0 | D:1      | Alannah the Gargoyle Berserker began the quest for the Orb.
     0 | D:1      | Reached XP level 1. HP: 14/14 MP: 1/1
   294 | D:1      | Reached XP level 2. HP: 16/19 MP: 2/2
   736 | D:2      | Reached XP level 3. HP: 23/23 MP: 3/3
  1469 | D:2      | Found a blossoming altar of Fedhas.
  1475 | D:2      | Found a hazy altar of Hepliaklqana.
  1476 | D:2      | Found a shadowy altar of Dithmenos.
  1476 | D:2      | Found a stormy altar of Qazlal.
  1478 | D:2      | Found a snail-covered altar of Cheibriados.
  1482 | D:2      | Reached XP level 4. HP: 29/29 MP: 4/4
  1483 | D:2      | Found a glowing silver altar of Zin.
  1493 | D:2      | Found a glowing golden altar of the Shining One.
  1788 | D:2      | Reached ** piety under Trog
  1944 | D:3      | Found a runed door.
  1944 | D:3      | Noticed an angel
  1945 | D:3      | Found a glowing golden altar of the Shining One.
  2084 | D:3      | Reached skill level 4 in Fighting
  2349 | D:3      | Reached XP level 5. HP: 32/33 MP: 5/5
  3094 | D:4      | Reached XP level 6. HP: 20/39 MP: 6/6
  3228 | D:4      | Reached *** piety under Trog
  3492 | D:4      | Reached skill level 5 in Fighting
  3567 | D:4      | Got a jasper-encrusted leather armour
  3578 | D:4      | Identified the +1 leather armour of Boredom {rPois rN+} (You found it on level 4 of the Dungeon)
  3895 | D:4      | Reached XP level 7. HP: 38/44 MP: 7/7
  3900 | D:5      | Entered Level 5 of the Dungeon
  4157 | D:5      | Slain by an orc

Skill      XL: |  1  2  3  4  5  6 |
---------------+-------------------+-----
Armour         | 3 4 |  4.8
Dodging        | 2 3 |  3.2
Fighting       | 4 5 |  5.3
Maces & Flails | 4 |  4.8

Action                   |  1- 3 |  4- 6 |  7- 9 || total
-------------------------+-------+-------+-------++-------
Melee: Mace              |    81 |   275 |    38 ||   394
Invok: Berserk           |       |     2 |       ||     2
       Trog's Hand       |       |     2 |       ||     2
  Use: Scroll            |       |     6 |       ||     6
       Potion            |       |     1 |       ||     1
  Eat: Chunk             |     1 |    11 |       ||    12
Armor: Animal skin       |    32 |    15 |       ||    47
       Ring mail         |       |    94 |       ||    94
       Leather armour    |       |     9 |    12 ||    21
Dodge: Dodged            |    60 |   195 |    20 ||   275
